 Dungeon Crawl Stone Soup version 0.16.0-17-g811c1d7 (webtiles) character file.

10068 Chiseanne the Martial Artist (level 11, -3/60 HPs)
             Began as a Vine Stalker Monk on Mar 20, 2015.
             Was the Champion of Cheibriados.
             Killed from afar by an electric eel (10 damage)
             ... with a bolt of electricity
             ... on level 10 of the Dungeon.
             The game lasted 00:33:21 (8347 turns).

Chiseanne the Martial Artist (Vine Stalker Monk)    Turns: 8347, Time: 00:33:21

Health: -3/60      AC: 15    Str: 28    XL:     11   Next: 56%
Magic:  0/15       EV: 18    Int: 25    God:    Cheibriados [******]
Gold:   531        SH: 11    Dex: 36    Spells: 1 memorised, 8 levels left

rFire  + . .     SeeInvis .     w - +4 blowgun
rCold  . . .     Clarity  .     C - +2 scale mail "Ycliji" {rF+ Regen+ rCorr Stlth+}
rNeg   . . .     SustAb   .     f - +3 buckler {AC+3}
rPois  .         Gourm    .     u - +0 helmet
rElec  .         Spirit   +     x - +0 cloak
rCorr  +         Warding  .     (no gloves)
rMut   .         Stasis   .     (no boots)
MR     ++...                    (no amulet)
Stlth  +++.......               j - ring of protection from magic
                                P - +4 ring of slaying

@: very slow, very resistant to hostile enchantments, fairly stealthy
A: fangs 3, regeneration 2, magic shield, antimagic bite, no device heal 3, rot
immunity
a: Bend Time, Temporal Distortion, Slouch, Step From Time, Renounce Religion


You were on level 10 of the Dungeon.
You worshipped Cheibriados.
Cheibriados was exalted by your worship.
You were not hungry.

You visited 1 branch of the dungeon, and saw 12 of its levels.

You collected 580 gold pieces.
You spent 49 gold pieces at shops.

Inventory:

Hand weapons
 w - a +4 blowgun (weapon)
Missiles
 M - 7 curare-tipped needles
 O - 7 tomahawks
 Q - 14 poisoned needles (quivered)
Armour
 f - a +3 buckler of protection (worn)
 u - a +0 helmet (worn)
 x - a +0 cloak (worn)
 C - the +2 scale mail "Ycliji" (worn) {rF+ Regen+ rCorr Stlth+}
   (You found it on level 5 of the Dungeon)

   It protects you from fire.
   It increases your rate of regeneration.
   It protects you from acid and corrosion.
   It makes you more stealthy.
Jewellery
 g - an uncursed ring of sustain abilities
 i - an uncursed ring of stealth
 j - a ring of protection from magic (right hand)
 y - an uncursed ring of ice
 P - a +4 ring of slaying (left hand)
Magical devices
 q - a wand of fire (7)
 v - a wand of digging (11)
 F - a wand of disintegration (6)
 I - a wand of teleportation (1)
Scrolls
 d - a scroll of fear
 e - 3 scrolls of teleportation
 r - 2 scrolls of recharging
 D - a scroll of magic mapping
 H - 7 scrolls of remove curse
 J - a scroll of immolation
 S - 3 scrolls of amnesia
Potions
 a - 5 potions of flight
 h - 5 potions of curing
 k - a potion of ambrosia
 l - a potion of heal wounds {unknown}
 n - a potion of cancellation {unknown}
 o - 2 potions of lignification
 t - a potion of restore abilities {unknown}
 z - 2 potions of haste
 A - 2 potions of might {unknown}
 B - a potion of mutation {unknown}
 E - a potion of cure mutation {unknown}
 G - a potion of brilliance {unknown}
 K - a potion of magic {unknown}
 L - 4 potions of agility
Books
 p - a Young Poisoner's Handbook

   Spells                             Type                      Level
   a - Sting                          Conjuration/Poison           1
   b - Cure Poison                    Poison                       2
   c - Mephitic Cloud                 Conjuration/Poison/Air       3
   d - Olgreb's Toxic Radiance        Poison                       4
   e - Venom Bolt                     Conjuration/Poison           5
 N - a book of Death

   Spells                             Type                      Level
   a - Corpse Rot                     Necromancy                   2
   b - Sublimation of Blood           Necromancy                   2
   c - Agony                          Necromancy                   5
   d - Dispel Undead                  Necromancy                   5
   e - Excruciating Wounds            Charms/Necromancy            5
   f - Bolt of Draining               Conjuration/Necromancy       5
Comestibles
 b - 6 bread rations
 c - 2 slices of pizza
 m - a fruit
 s - 7 meat rations
 R - 8 royal jellies


   Skills:
 * Level 7.8 Fighting
 * Level 6.6 Armour
 - Level 6.5 Dodging
 - Level 2.5 Stealth
 * Level 6.0 Shields
 * Level 10.6 Unarmed Combat


You had 8 spell levels left.
You knew the following spells:

 Your Spells              Type           Power        Failure   Level  Hunger
a - Cure Poison           Pois           #.........   38%         2    ###....


Dungeon Overview and Level Annotations

Branches:
Dungeon (12/15)            Temple (0/1) D:7            Lair (0/8) D:11
    Orc: D:9-12

Altars:
Cheibriados
Dithmenos
Fedhas
Kikubaaqudgha
Nemelex Xobeh
Okawaru
Qazlal
Sif Muna
Trog
Vehumet
Xom

Shops:
D:11 *

Annotations:
D:9 exclusions: 2 downstairs and 1 more exclusion


Innate Abilities, Weirdness & Mutations

You have razor-sharp teeth.
You heal very quickly.
When hurt, damage is shared between your health and your magic reserves.
Your bite disrupts and absorbs the magic of your enemies.
Potions and wands cannot restore your health.
You are immune to rotting.


Message History

Aim: an electric eel (water)
You shoot a poisoned needle.
The poisoned needle hits the electric eel!
The electric eel is poisoned.
You hear a splash.
The electric eel shoots out a bolt of lightning at you!
The bolt of electricity hits you!
The electric eel shoots out a bolt of lightning at you!
The bolt of electricity hits you!
* * * LOW HITPOINT WARNING * * *
The electric eel shoots out a bolt of lightning at you!
The bolt of electricity hits you!
* * * LOW HITPOINT WARNING * * *
Found a wand of slowing.
The electric eel shoots out a bolt of lightning at you!
The bolt of electricity hits you!
* * * LOW HITPOINT WARNING * * *
The electric eel shoots out a bolt of lightning at you!
The bolt of electricity hits you!
You die...

..######....# ./.# #....# ..#
#....####### ..# #...........
#.######...........
#.....)).....†...##
#......).........#
#......).........#
#.@..............#
#.#'###..........# ##
#.#...#..........# ...
#.#...#..........#
....#######.#...#..........#
.............#####..........#
............................#
...≈≈≈≈..≈≈≈;....############
≈.≈≈≈≈≈≈≈≈≈≈≈≈..≈≈≈≈#


You could see an electric eel.

Vanquished Creatures
  Erica (D:11)
  An unseen horror (D:11)
  A hill giant (D:11)
  The ghost of Virusyak the Insei, an experienced GrMo (D:4)
  A queen bee (D:8)
  A two-headed ogre (D:8)
  A hippogriff (D:10)
  Eustachio (D:4)
  8 yaks (D:11)
  A shadow (D:7)
  2 humans (D:8)
  Edmund (D:4)
  4 orc warriors
  2 black bears (D:11)
  3 phantoms
  8 centaurs
  2 sky beasts
  3 ice beasts
  A crocodile (D:11)
  9 ogres
  Sigmund (D:6)
  Duvessa (D:4)
  Blork the orc (D:6)
  A big kobold (D:11)
  5 giant frogs
  A wyvern zombie (D:12)
  14 killer bees (D:8)
  5 scorpions
  11 wights
  Dowan (D:4)
  4 crimson imps
  6 hounds
  A jelly (D:6)
  7 electric eels (D:10)
  A goliath beetle (D:4)
  7 orc wizards
  6 orc priests
  A giant frog skeleton (D:6)
  A centaur skeleton (D:7)
  6 worker ants
  Jessica (D:3)
  A hound zombie (D:11)
  Terence (D:3)
  A worker ant zombie (D:8)
  Robin (D:3)
  3 gnolls (D:6)
  8 adders
  A giant mite (D:8)
  6 worms
  2 adder skeletons
  3 giant geckos
  2 oozes
  41 orcs
  3 ball pythons (D:3)
  4 giant cockroaches
  14 hobgoblins
  10 quokkas
  28 bats
  A giant gecko zombie (D:5)
  7 giant newts
  A giant spore (D:8)
  24 goblins
  8 jackals
  18 kobolds
  20 rats
  3 ballistomycetes
345 creatures vanquished.

Vanquished Creatures (collateral kills)
  An ogre (D:8)
  A killer bee (D:8)
2 creatures vanquished.

Vanquished Creatures (others)
  A hungry ghost (D:8)
  A killer bee (D:8)
  An orc wizard (D:8)
  A shadow imp (D:8)
  3 orcs (D:8)
  2 giant spores
9 creatures vanquished.

Grand Total: 356 creatures vanquished

Notes
Turn   | Place    | Note
--------------------------------------------------------------
     0 | D:1      | Chiseanne, the Vine Stalker Monk, began the quest for the Orb.
     0 | D:1      | Reached XP level 1. HP: 11/11 MP: 1/1
   124 | D:1      | Reached XP level 2. HP: 8/16 MP: 3/3
   603 | D:1      | Reached XP level 3. HP: 19/19 MP: 4/4
  1170 | D:2      | Reached XP level 4. HP: 24/24 MP: 5/5
  1245 | D:3      | Noticed Robin
  1273 | D:3      | Killed Robin
  1382 | D:3      | Reached skill level 5 in Unarmed Combat
  1382 | D:3      | Reached XP level 5. HP: 26/28 MP: 7/7
  1453 | D:3      | Noticed Jessica
  1462 | D:3      | Killed Jessica
  1482 | D:3      | Found a snail-covered altar of Cheibriados.
  1500 | D:3      | Became a worshipper of Cheibriados the Contemplative
  1500 | D:3      | Acquired Cheibriados' first power
  1622 | D:4      | Noticed Virusyak's ghost (experienced GrMo)
  1638 | D:4      | Killed Virusyak's ghost
  1638 | D:4      | Reached skill level 1 in Armour
  1638 | D:4      | Gained mutation: You heal very quickly. [vine stalker growth]
  1638 | D:4      | Reached XP level 6. HP: 26/32 MP: 8/8
  1670 | D:4      | Noticed Edmund
  1701 | D:4      | Reached XP level 7. HP: 26/37 MP: 9/9
  1745 | D:4      | Killed Edmund
  1774 | D:4      | Reached skill level 6 in Unarmed Combat
  1796 | D:4      | Found a deep blue altar of Sif Muna.
  1916 | D:4      | Noticed Duvessa
  1919 | D:4      | Noticed Dowan
  1927 | D:4      | Killed Duvessa
  1931 | D:4      | Killed Dowan
  1931 | D:4      | Reached skill level 5 in Dodging
  1979 | D:5      | Entered Level 5 of the Dungeon
  2034 | D:5      | Found a shimmering altar of Xom.
  2034 | D:5      | Found an ancient bone altar of Kikubaaqudgha.
  2034 | D:5      | Found a stormy altar of Qazlal.
  2074 | D:5      | Gained mutation: You have razor-sharp teeth. [vine stalker growth]
  2074 | D:5      | Reached XP level 8. HP: 36/42 MP: 9/11
  2179 | D:5      | Got a bloodstained scale mail
  2190 | D:5      | Identified the +2 scale mail "Ycliji" {rF+ Regen+ rCorr Stlth+} (You found it on level 5 of the Dungeon)
  2212 | D:5      | Found a shadowy altar of Dithmenos.
  2212 | D:5      | Found a sparkling altar of Nemelex Xobeh.
  2358 | D:5      | Acquired Cheibriados' second power
  2583 | D:5      | Found a radiant altar of Vehumet.
  2690 | D:4      | Noticed an ogre
  2700 | D:4      | Reached skill level 7 in Unarmed Combat
  2701 | D:4      | Killed an ogre
  2721 | D:4      | Reached skill level 5 in Fighting
  2791 | D:4      | Noticed Eustachio
  2807 | D:4      | Killed Eustachio
  2807 | D:4      | Reached XP level 9. HP: 44/47 MP: 12/12
  3185 | D:3      | Noticed Terence
  3194 | D:3      | Killed Terence
  3350 | D:3      | Acquired Cheibriados' third power
  3874 | D:6      | Noticed Blork the orc
  3884 | D:6      | Killed Blork the orc
  4065 | D:6      | Noticed Sigmund
  4077 | D:6      | Killed Sigmund
  4277 | D:7      | Found a staircase to the Ecumenical Temple.
  4285 | D:7      | Reached skill level 8 in Unarmed Combat
  4305 | D:7      | Reached skill level 1 in Shields
  4390 | D:7      | Identified a scroll of acquirement
  4515 | D:7      | Acquired Cheibriados' fourth power
  4972 | D:8      | Reached XP level 10. HP: 53/53 MP: 10/13
  5128 | D:8      | Found a blossoming altar of Fedhas.
  5143 | D:8      | Reached skill level 9 in Unarmed Combat
  5294 | D:8      | Found an iron altar of Okawaru.
  5468 | D:8      | Reached skill level 5 in Armour
  5538 | D:8      | Learned a level 2 spell: Cure Poison
  6164 | D:9      | Noticed a moth of wrath
  6167 | D:9      | Found a bloodstained altar of Trog.
  6255 | D:10     | Entered Level 10 of the Dungeon
  6895 | D:11     | Found a staircase to the Lair.
  6991 | D:11     | Noticed a hill giant
  6997 | D:11     | Killed a hill giant
  7038 | D:11     | You fall through a shaft!
  7113 | D:11     | Reached skill level 10 in Unarmed Combat
  7134 | D:11     | Reached XP level 11. HP: 58/58 MP: 15/15
  7139 | D:11     | Reached skill level 5 in Shields
  7375 | D:11     | Killed an unseen horror
  7514 | D:11     | Found Pnaut's General Store.
  7521 | D:11     | Bought a scroll of fear for 49 gold pieces
  7755 | D:11     | Noticed Erica
  7764 | D:11     | Killed Erica
  7825 | D:11     | Found a shimmering altar of Xom.
  8347 | D:10     | Killed from afar by an electric eel

Action                   |  1- 3 |  4- 6 |  7- 9 | 10-12 || total
-------------------------+-------+-------+-------+-------++-------
Melee: Unarmed           |   121 |    73 |   250 |   260 ||   704
 Fire: Blowgun           |       |       |     7 |    23 ||    30
Throw: Tomahawk          |       |       |       |     6 ||     6
Evoke: Wand              |       |       |     8 |     9 ||    17
  Use: Scroll            |       |     4 |    12 |     8 ||    24
       Potion            |       |     1 |       |       ||     1
 Stab: Sleeping          |     2 |     1 |    27 |    10 ||    40
       Distracted        |       |       |       |     3 ||     3
  Eat: Chunk             |     1 |     1 |     8 |     7 ||    17
